 Dungeon Crawl Stone Soup version bcrawl-1.13-1-g4ae1fcee6e (webtiles) character file.

Game seed: 9958544885629299544

390 Camlann the Skirmisher (level 6, -3/56 HPs)
             Began as a Demonspawn Archaeologist on July 29, 2019.
             Slain by a troll (10 damage)
             ... on level 4 of the Dungeon.
             The game lasted 00:09:19 (3625 turns).

Camlann the Skirmisher (Demonspawn Archaeologist)   Turns: 3625, Time: 00:09:20

Health: -3/56      AC:  9    Str: 13    XL:     6   Next: 50%
Magic:  0/5        EV: 12    Int: 17    God:
Gold:   225        SH:  4    Dex: 12    Spells: 5/5 levels left

rFire    + . .     SeeInvis +     - Unarmed
rCold    + . .     Gourm    .   o - +0 buckler
rNeg     + . .     Faith    .   p - +2 leather armour {rF+}
rPois    +         Spirit   +   f - +2 hat of the Bear Spirit {Spirit, +Rage rN+ MR++}
rElec    .         Reflect  .   n - scarf {cloud immunity}
rCorr    .         Harm     .   (no gloves)
MR       ++...                  d - +1 pair of boots
Stlth    ++........             (no amulet)
HPRegen  0.18/turn              i - ring of poison resistance
MPRegen  0.09/turn              c - ring of see invisible

@: very slightly contaminated, invisible
A: claws 1, blurry vision 1, clever 1, cold resistance 1, demonic guardian 1,
low mp 1
a: Evoke Berserk Rage


You were on level 4 of the Dungeon.
You were hungry.

You visited 1 branch of the dungeon, and saw 4 of its levels.
You also visited: Sewer.

You collected 225 gold pieces.


Innate Abilities, Weirdness & Mutations

You have sharp fingernails.
A weak demonic guardian rushes to your aid.
Scrolls take you a little longer to read.
Your mind is acute. (Int +2)
Your flesh is cold resistant. (rC+)
Your magical capacity is low. (-10% MP)


   Skills:
 - Level 7.8 Fighting
   Level 0.8 Maces & Flails
 - Level 2.6 Dodging
 - Level 3.0 Stealth
 + Level 1.7 Shields
 + Level 1.7 Unarmed Combat


You had 5 spell levels left.
You didn't know any spells.
Your spell library was empty.

Dungeon Overview and Level Annotations

Branches:
Dungeon (4/12)
 Temple: D:4-7

Altars:
Makhleb
Wu Jian
Xom

Inventory:

Armour
 d - a +1 pair of boots (worn)
 f - the +2 hat of the Bear Spirit (worn) {Spirit, +Rage rN+ MR++}

   It protects you from negative energy.
   It affects your resistance to hostile enchantments.
   It lets you go berserk.
 n - a scarf of cloud immunity (worn)
   (You found it on level 3 of the Dungeon)
 o - a +0 buckler (worn)
   (You found it on level 3 of the Dungeon)
 p - a +2 leather armour of fire resistance (worn)
   (You found it on level 3 of the Dungeon)
Jewellery
 c - a ring of see invisible (right claw)
   (You found it on level 4 of the Dungeon)
 i - a ring of poison resistance (left claw)
   (You found it on level 1 of the Dungeon)
Wands
 b - a wand of random effects (5)
   (You found it on level 4 of the Dungeon)
Scrolls
 h - a scroll of remove curse
Potions
 a - a potion of flight
 m - 2 potions of curing
Comestibles
 g - 9 rations {!d}

##...####.#.....#..#.......# *,,*
..............#.#..#5......# *,,,
...........................# **,#
...................#.......# *,,
##...#######.##.##.#.......######
#.(.# #.......#.......##....
#...# ####.#############.###
#...# #.### #.##. #...# #56.#
########.##. *#..$# ###T#
#........... ,,,,**** #.#
#.#####.###. <,,,,,,*
#.####.#...#.###. ,***,,,*
#................ ,* *,,,********
######.#!..#.#### ,*
*,,,,,,,,,,*** #.#####.# ,*
***,****,,,,,* #..,,,..# ,*****,*
*,*,*,* ####**###


You could see a troll and a friendly white imp.


Message History

The troll claws you.
* * * LOW HITPOINT WARNING * * *
You swap places.
Something barely misses your iron imp. Something claws your iron imp!
Something claws your iron imp but does no damage.
The troll bites you but does no damage. The troll closely misses you.
The troll claws you.
* * * LOW HITPOINT WARNING * * *
Your iron imp barely misses the troll.
The troll barely misses you. You block the troll's attack.
The troll claws you but does no damage.
You are starting to lose your buoyancy.
The troll bites your ufetubus!
Your ufetubus dies!
You float gracefully downwards.
Found a worn bone wand.
You see here a wand of random effects (9).
b - a wand of random effects (9)
Found a glowing amethyst potion.
You swap places.
The troll bites your white imp. The troll claws your white imp.
The troll completely misses your white imp.
The troll barely misses your white imp. The troll claws your white imp!
Your white imp dies!
Something closely misses your iron imp. Something claws your iron imp.
Something completely misses your iron imp.
e - a glowing amethyst potion Your iron imp closely misses the troll.
There are no items here.
It was a potion of invisibility.
You fade into invisibility!
The troll bites your iron imp! The troll barely misses your iron imp.
The troll claws your iron imp.
Your iron imp dies!
You are very lightly contaminated with residual magic.
Evoke which item? (* to show all) (? for menu, Esc to quit)
You don't have any such object.
Evoke which item? (* to show all) (? for menu, Esc to quit)
You don't have any such object.
Evoke which item? (* to show all) (? for menu, Esc to quit)
Aiming: Random Effects
Press: ? - help, Shift-Dir - straight line, f - troll
Aim: a troll The bolt of negative energy hits the troll.
The troll is drained!
The troll is moderately wounded.
Evoke which item? (* to show all) (? for menu, Esc to quit)
Aiming: Random Effects
Press: ? - help, Shift-Dir - straight line, f/p - troll
Aim: a troll (moderately wounded, lightly drained)
The troll resists with significant effort.
The troll barely misses you. x2; The troll closely misses you.
The troll misses your ufetubus. The troll claws your ufetubus!
Your ufetubus dies!
Evoke which item? (* to show all) (? for menu, Esc to quit)
Aiming: Random Effects
Press: ? - help, Shift-Dir - straight line, f/p - troll
Aim: a troll (lightly drained)
The mass of ice explodes!
The iceblast engulfs the troll.
The troll is moderately wounded.
The troll shouts!
The troll seems less drained.
Evoke which item? (* to show all) (? for menu, Esc to quit)
Aiming: Random Effects
Press: ? - help, Shift-Dir - straight line, f/p - troll
Aim: a troll (lightly wounded)
The troll resists with significant effort.
The troll bites you!
* * * LOW HITPOINT WARNING * * *
The troll claws you!
You die...

Action                   |  1- 3 |  4- 6 || total
-------------------------+-------+-------++-------
Melee: Whip              |   155 |       ||   155
       Unarmed           |       |   215 ||   215
       Dagger            |       |   257 ||   257
Evoke: Wand              |       |     4 ||     4
  Use: Potion            |     2 |     6 ||     8
       Scroll            |       |     5 ||     5
 Stab: Sleeping          |     3 |     7 ||    10
       Distracted        |       |     1 ||     1
  Eat: Chunk             |     1 |     8 ||     9
Armor: Robe              |    55 |    81 ||   136
       Skin              |    28 |       ||    28
       Leather armour    |       |   127 ||   127
Dodge: Dodged            |   104 |   326 ||   430
Block: Buckler           |       |    59 ||    59

Levels and vault maps discovered:
D:1:      dpeg_chamrin_arrival_tetris, layout_basic
D:2:      layout_basic, amethyst_overflow_temple_binary, lemuel_round_altar
D:3:      layout_rooms, first_ration
D:4:      layout_loops_cross, bloody_trog, overflow_temple_1_default,
          gup_sewer_entry_bubbles, minivault_25

Notes
Turn   | Place    | Note
-------+----------+-------------------------------------------
     0 | D:1      | Camlann the Demonspawn Archaeologist began the quest for
                  | the Orb.
     0 | D:1      | Reached XP level 1. HP: 15/15 MP: 1/1
   100 | D:1      | Reached skill level 2 in Fighting
   164 | D:1      | Gained mutation: A weak demonic guardian rushes to your
                  | aid. [demonic ancestry]
   164 | D:1      | Reached XP level 2. HP: 15/22 MP: 2/2
   647 | D:1      | Reached skill level 3 in Fighting
   647 | D:1      | Reached XP level 3. HP: 29/29 MP: 3/3
   991 | D:2      | Reached skill level 4 in Fighting
  1286 | D:2      | Found a shimmering altar of Xom.
  1292 | D:2      | Found a burning altar of Makhleb.
  1312 | D:2      | Gained mutation: You have sharp fingernails. [demonic
                  | ancestry]
  1312 | D:2      | Reached XP level 4. HP: 37/38 MP: 4/4
  1641 | D:2      | Found an ornate altar of the Wu Jian Council.
  1729 | D:2      | Reached skill level 5 in Fighting
  1819 | D:3      | Noticed a hungry ghost
  2088 | D:3      | Reached skill level 6 in Fighting
  2235 | D:3      | Killed a hungry ghost
  2235 | D:3      | Reached skill level 7 in Fighting
  2235 | D:3      | Reached XP level 5. HP: 40/48 MP: 5/5
  2928 | D:4      | Noticed a sky beast
  2979 | D:4      | Killed a sky beast
  2979 | D:4      | Reached skill level 1 in Shields
  2979 | D:4      | Reached skill level 1 in Unarmed Combat
  2979 | D:4      | Reached XP level 6. HP: 56/56 MP: 6/6
  3035 | D:4      | Found a glowing drain.
  3100 | Sewer    | Entered a sewer
  3114 | Sewer    | Noticed Purgy
  3116 | Sewer    | Gained mutation: Your magical capacity is low. (-10% MP)
                  | [potion of mutation]
  3116 | Sewer    | Gained mutation: Scrolls take you a little longer to read.
                  | [potion of mutation]
  3116 | Sewer    | Gained mutation: Your mind is acute. (Int +2) [potion of
                  | mutation]
  3116 | Sewer    | Gained mutation: Your flesh is cold resistant. (rC+)
                  | [potion of mutation]
  3177 | Sewer    | Killed Purgy
  3518 | D:4      | Noticed a troll
  3532 | D:4      | HP: 14/56 [troll (3)]
  3532 | D:4      | HP: 3/56 [troll (11)]
  3556 | D:4      | HP: 5/56 [troll (3)]
  3559 | D:4      | HP: 2/56 [troll (3)]
  3625 | D:4      | HP: 7/56 [troll (7)]
  3625 | D:4      | Slain by a troll

Vanquished Creatures
  A sky beast (D:4)
  Purgy (Sewer)
  2 adders
  2 gnolls (D:2)
  2 worms
  2 dart slugs (D:1)
  5 leopard geckos
  10 orcs
  6 bats
  7 giant cockroaches
  4 goblins
  10 hobgoblins
  8 jackals
  4 quokkas
  7 frilled lizards
  10 kobolds
  A quokka zombie (D:3)
  6 rats
88 creatures vanquished.

Vanquished Creatures (collateral kills)
  A hungry ghost (D:3)
  A howler monkey (D:3)
  2 gnolls (D:2)
  An adder (D:3)
  An orc (D:3)
  A kobold (D:2)
7 creatures vanquished.

Grand Total: 95 creatures vanquished
